 Dungeon Crawl Stone Soup version 0.28.0-43-g3370ac3207 (webtiles) character file.

Game seed: 5707186558199368630

462 CryoSword the Thaumaturge (level 7, -5/50 HPs)
             Began as a Gnoll Wanderer on Mar 9, 2022.
             Slain by an ogre
             ... wielding a +0 giant club
              (13 damage)
             ... on level 4 of the Dungeon.
             The game lasted 00:09:42 (5828 turns).

CryoSword the Thaumaturge (Gnoll Wanderer)          Turns: 5828, Time: 00:09:42

Health: -5/50      AC:  8    Str:  8    XL:     7   Next: 7%
Magic:  14/20      EV: 11    Int: 16    God:
Gold:   137        SH:  0    Dex: 12    Spells: 18/25 levels left

rFire   . . .      SeeInvis .   i - +2 whip (venom)
rCold   . . .      Faith    .   (no shield)
rNeg    . . .      Spirit   .   s - +0 ring mail
rPois   .          Reflect  .   w - +0 helmet
rElec   .          Harm     .   d - +0 cloak
rCorr   .          Rampage  .   u - +0 pair of gloves
Will    +....                   (no boots)
Stlth   +.........              (no amulet)
HPRegen 0.16/turn               h - ring of willpower
MPRegen 0.17/turn               (no ring)

@: very slightly contaminated, slowed, very slow
A: fangs 1, strong nose, distributed training
a: no special abilities


You were on level 4 of the Dungeon.
You visited 1 branch of the dungeon, and saw 5 of its levels.

You collected 137 gold pieces.

Inventory:

Hand Weapons
 i - a +2 whip of venom (weapon)
   (You found it on level 4 of the Dungeon)
 p - a +1 whip of electrocution
   (You took it off a gnoll on level 3 of the Dungeon)
Missiles
 q - 5 poisoned darts (quivered)
Armour
 d - a +0 cloak (worn)
 s - a +0 ring mail (worn)
   (You found it on level 3 of the Dungeon)
 u - a +0 pair of gloves (worn)
   (You found it on level 4 of the Dungeon)
 w - a +0 helmet (worn)
   (You took it off Robin on level 4 of the Dungeon)
Jewellery
 h - a ring of willpower (left hand)
   (You found it on level 2 of the Dungeon)
 v - a ring of fire
   (You took it off an orc priest on level 4 of the Dungeon)
Scrolls
 b - a scroll of magic mapping {unknown}
 k - a scroll of immolation {unknown}
 l - 2 scrolls of fear {unknown}
 r - a scroll of vulnerability {unknown}
 t - a scroll of holy word {unknown}
Potions
 a - 3 potions of heal wounds {unknown}
 c - 2 potions of lignification {unknown}
 e - a potion of mutation {unknown}
 f - a potion of might {unknown}
 g - 6 potions of curing {@q1}
 m - 2 potions of brilliance
 n - a potion of resistance {unknown}
 o - a potion of haste {unknown}


   Skills:
 + Level 2.2 Fighting
 + Level 2.2 Short Blades
 + Level 2.2 Long Blades
 + Level 2.2 Axes
 + Level 2.2 Maces & Flails
 + Level 2.2 Polearms
 + Level 2.2 Staves
 + Level 2.2 Slings
 + Level 2.2 Bows
 + Level 2.2 Crossbows
 + Level 2.2 Throwing
 + Level 2.2 Armour
 + Level 5.1 Dodging
 + Level 2.2 Stealth
 + Level 2.2 Shields
 + Level 2.2 Unarmed Combat
 + Level 9.6 Spellcasting
 + Level 1.8 Conjurations
 + Level 1.8 Hexes
 + Level 1.8 Summonings
 + Level 1.8 Necromancy
 + Level 1.8 Translocations
 + Level 1.8 Transmutations
 + Level 1.8 Fire Magic
 + Level 4.2 Ice Magic
 + Level 1.8 Air Magic
 + Level 1.8 Earth Magic
 + Level 1.8 Poison Magic
 + Level 3.6 Invocations
 + Level 2.2 Evocations


You had 18 spell levels left.
You knew the following spells:

 Your Spells              Type           Power      Damage    Failure   Level
a - Freeze                Ice            84%        1d10      4%          1
b - Frozen Ramparts       Ice            42%        1d6       16%         3
c - Tukima's Dance        Hex            13%        N/A       38%         3

Your spell library contained the following spells:

 Spells                   Type           Power      Damage    Failure   Level
 Sandblast                Erth           26%        2d8       14%         1
 Shock                    Conj/Air       52%        1d6       14%         1
 Gell's Gravitas          Tloc           13%        N/A       38%         3


Dungeon Overview and Level Annotations

Branches:
Dungeon (5/15)
 Temple: D:4-7

Altars:
Nemelex Xobeh
Okawaru

Annotations:
D:3 2 runed translucent doors, Cykl0x's ghost, amateur GrEE


Innate Abilities, Weirdness & Mutations

You have very sharp teeth.
Your uncanny sense of smell can sniff out nearby items.
Your experience applies equally to all skills.


Message History

You start putting on your armour.
You continue putting on your +0 helmet. x4
You finish putting on your +0 helmet.
Autopickup disabled for stones.
You drop 42 stones.
Key pressed, stopping explore.
A kobold is nearby!
A kobold is nearby!
A kobold is nearby!
The kobold shouts!
The kobold hits you with a +0 club.
You hit the kobold.
You kill the kobold!
No target in view!
No target in view!
You now have 120 gold pieces (gained 10).
Items here: ( )) [.
Things that are here:
a +0 club; a dart slug corpse
Items here: ( ))) [ †††.
Things that are here:
a +0 dagger; a goblin corpse
Items here: ( ))) [ †††.
Items here: ( )) [.
Found a stone staircase leading down.
You now have 137 gold pieces (gained 17).
A quokka skeleton comes into view.
A quokka skeleton is nearby!
A quokka skeleton is nearby!
A quokka skeleton is nearby!
You barely miss the quokka skeleton.
The quokka skeleton bites you but does no damage.
You whack the quokka skeleton!
You destroy the quokka skeleton!
No target in view!
An endoplasm comes into view.
An endoplasm is nearby!
An endoplasm is nearby!
The endoplasm quivers.
The endoplasm closely misses you.
You hit the endoplasm.
The endoplasm is poisoned.
The endoplasm closely misses you.
You completely miss the endoplasm.
You bite the endoplasm, but do no damage.
The endoplasm freezes you.
You are frozen.
You hit the endoplasm.
You kill the endoplasm!
No target in view!
Items here: ( )) [.
Found an iron altar of Okawaru.
A hobgoblin is nearby!
A hobgoblin is nearby!
A hobgoblin is nearby!
The hobgoblin barely misses you.
You hit the hobgoblin.
The hobgoblin hits you with a staff of conjuration.
You closely miss the hobgoblin. The hobgoblin closely misses you.
You whack the hobgoblin!
You kill the hobgoblin!
g - 6 potions of curing {@q1} (gained 1)
l - 2 scrolls labelled MUHOUD XITHUIPT (gained 1)
Things that are here:
a staff of conjuration; 11 stones; a hobgoblin corpse
There is an open door here.
There is an iron altar of Okawaru here.
There is an open door here.
There is an escape hatch in the floor here.
There is a shaft here.
Key pressed, stopping explore.
Found a stone staircase leading down.
There is a stone staircase leading down here.
A goblin comes into view. It is wielding a +0 dagger.
You see here a +0 whip.
A goblin is nearby!
A goblin is nearby!
The goblin shouts!
The goblin closely misses you.
You hit the goblin.
The goblin is poisoned.
The goblin hits you with a +0 dagger.
You hit the goblin.
You kill the goblin!
You have reached level 7!
You see here a +0 whip.
Done exploring.
Done exploring.
Done exploring.
Done exploring.
You see here a +0 whip.
There is a stone staircase leading down here.
You climb downwards.
There is a stone staircase leading up here.
A hound comes into view.
A hound is nearby!
A hound is nearby!
An ogre comes into view. It is wielding a +0 giant club.
Found 18 gold pieces.
Found a stone staircase leading up.
The hound barks!
You hear a shout!
An orc comes into view. It is wielding a +0 flail.
Found 23 arrows.
The orc shouts!
The ogre hits you with a +0 giant club!
The orc moves out of view.
You are too injured to fight recklessly!
You are too injured to fight recklessly!
You are too injured to fight recklessly!
You hit the hound but do no damage.
The hound is poisoned.
The hound bites you but does no damage. The hound completely misses you.
The hound bites you. The ogre closely misses you. The hound barely misses you.
The hound bites you but does no damage. The hound barely misses you.
The hound bites you but does no damage.
There is a stone staircase leading up here.
The hound bites you. x2
You climb upwards.
There is a stone staircase leading down here.
You barely miss the hound. The hound completely misses you.
You hit the hound.
The hound looks more healthy.
The hound barely misses you. The hound bites you.
You hit the hound. Your punch misses the hound. The hound barely misses you.
You closely miss the hound. The hound bites you but does no damage.
The hound completely misses you.
You miss the hound. The hound bites you but does no damage.
You hit the hound.
The hound is poisoned.
The hound bites you but does no damage. x2
You hit the hound but do no damage.
The hound looks as sick as possible!
Your bite misses the hound.
You kill the hound!
You start resting.
You climb downwards.
The ogre hits you with a +0 giant club!!
There is a stone staircase leading up, spattered with blood here.
The ogre hits you with a +0 giant club!
* * * LOW HITPOINT WARNING * * *
You climb upwards.
There is a stone staircase leading down here.
You see here a hound corpse.
Okay, then.
The spell is quite dangerous to miscast (38% risk of failure)!
Continue anyway?
Aim: an ogre, wielding a +0 giant club (chance to affect: 47%)
You miscast Tukima's Dance.
You are very lightly contaminated with residual magic.
Waves of light ripple over your body.
You feel yourself slow down. The ogre hits you with a +0 giant club!
* * * LOW HITPOINT WARNING * * *
The spell is quite dangerous to miscast (38% risk of failure)!
Continue anyway?
Okay, then.
The spell is quite dangerous to miscast (38% risk of failure)!
Continue anyway?
Aim: an ogre, wielding a +0 giant club (chance to affect: 47%)
You miscast Tukima's Dance.
Nothing appears to happen.
The ogre hits you with a +0 giant club!
You die...

#...# #.### #.###
#...###### #.#
###.#..†.. #.#
#.#.#### #.# #.#.#
#.# ######.#.# #.#
##...##.#.#
#.########.....#.#.#
#.....@O.......#.#.#
##########.....#.#.#
##...##.#.#
##.###..)#### #.#
##..<... #†# #.#####
#># #)#...# #.#
#.#.#.. #.####......


You could see an ogre.

Vanquished Creatures
  A kobold brigand (D:4)
  2 orc priests (D:4)
  A hound (D:4)
  A gnoll shaman (D:4)
  2 hound skeletons (D:4)
  Robin (D:4)
  8 gnolls
  3 adders (D:3)
  An ufetubus (D:4)
  An adder skeleton (D:4)
  A worm (D:3)
  4 dart slugs
  7 orcs
  10 endoplasms
  A giant cockroach (D:2)
  15 hobgoblins
  4 jackals (D:1)
  3 quokkas
  6 ball pythons
  5 bats
  3 frilled lizards
  14 goblins
  7 kobolds
  A quokka skeleton (D:4)
  7 rats
109 creatures vanquished.

Notes
Turn   | Place    | Note
-------+----------+-------------------------------------------
     0 | D:1      | Reached skill level 9 in Spellcasting
     0 | D:1      | CryoSword the Gnoll Wanderer began the quest for the Orb.
     0 | D:1      | CryoSword set off with the following items: a +0 dagger, 34
                  | stones, a +0 robe, a +0 cloak; and the following spells
                  | available to memorise: Freeze, Frozen Ramparts, Sandblast,
                  | Shock, Gell's Gravitas, Tukima's Dance
     0 | D:1      | Reached XP level 1. HP: 13/13 MP: 10/10
     2 | D:1      | Learned a level 1 spell: Freeze
   204 | D:1      | Reached XP level 2. HP: 19/19 MP: 8/12
   485 | D:1      | Reached XP level 3. HP: 25/25 MP: 13/13
  1725 | D:2      | Found a sparkling altar of Nemelex Xobeh.
  1744 | D:2      | Reached skill level 1 in Fighting
  1744 | D:2      | Reached skill level 1 in Short Blades
  1744 | D:2      | Reached skill level 1 in Long Blades
  1744 | D:2      | Reached skill level 1 in Axes
  1744 | D:2      | Reached skill level 1 in Maces & Flails
  1744 | D:2      | Reached skill level 1 in Polearms
  1744 | D:2      | Reached skill level 1 in Staves
  1744 | D:2      | Reached skill level 1 in Slings
  1744 | D:2      | Reached skill level 1 in Bows
  1744 | D:2      | Reached skill level 1 in Crossbows
  1744 | D:2      | Reached skill level 1 in Throwing
  1744 | D:2      | Reached skill level 1 in Armour
  1744 | D:2      | Reached skill level 1 in Stealth
  1744 | D:2      | Reached skill level 1 in Shields
  1744 | D:2      | Reached skill level 1 in Unarmed Combat
  1744 | D:2      | Reached skill level 1 in Evocations
  1890 | D:2      | Reached XP level 4. HP: 21/32 MP: 12/15
  2146 | D:1      | Learned a level 3 spell: Frozen Ramparts
  2150 | D:1      | Learned a level 3 spell: Tukima's Dance
  2302 | D:3      | Reached skill level 1 in Conjurations
  2302 | D:3      | Reached skill level 1 in Hexes
  2302 | D:3      | Reached skill level 1 in Summonings
  2302 | D:3      | Reached skill level 1 in Necromancy
  2302 | D:3      | Reached skill level 1 in Translocations
  2302 | D:3      | Reached skill level 1 in Transmutations
  2302 | D:3      | Reached skill level 1 in Fire Magic
  2302 | D:3      | Reached skill level 1 in Air Magic
  2302 | D:3      | Reached skill level 1 in Earth Magic
  2302 | D:3      | Reached skill level 1 in Poison Magic
  2364 | D:3      | Found a faded altar of an unknown god.
  2446 | D:3      | Found a runed translucent door.
  2449 | D:3      | Noticed Cykl0x's ghost (amateur GrEE)
  2596 | D:3      | Found a runed translucent door.
  2862 | D:3      | Reached XP level 5. HP: 33/37 MP: 14/16
  4015 | D:4      | Noticed a kobold brigand
  4022 | D:4      | Killed a kobold brigand
  4023 | D:4      | Reached XP level 6. HP: 23/44 MP: 15/18
  4292 | D:4      | Reached skill level 5 in Dodging
  5164 | D:4      | Noticed Robin
  5180 | D:4      | Killed Robin
  5454 | D:4      | Found an iron altar of Okawaru.
  5618 | D:4      | Reached XP level 7. HP: 48/50 MP: 20/20
  5654 | D:5      | Entered Level 5 of the Dungeon
  5828 | D:4      | Slain by an ogre

Illustrated notes

Levels and vault maps discovered:
D:1:      heliophobic_arrival_glass_houses, layout_loops_ring
D:2:      layout_loops_corners, basic_altar, minivault_24
D:3:      cheibrodos_old_hovel, layout_loops_ring,
          nicolae_ecumenical_lake_church, ebering_ghost_sewer_f,
          grunt_ministairs_1, minmay_misc_feat_four_crosses,
          kennysheep_generic_room_13
D:4:      layout_loops_ring, kennysheep_mini_moat, uniq_robin
D:5:      layout_basic

Skill      XL: |  1  2  3  4  5  6 |
---------------+-------------------+-----
Spellcasting   | |  9.6
Fighting       | 1 2 |  2.2
Short Blades   | 1 2 |  2.2
Long Blades    | 1 2 |  2.2
Axes           | 1 2 |  2.2
Maces & Flails | 1 2 |  2.2
Polearms       | 1 2 |  2.2
Staves         | 1 2 |  2.2
Slings         | 1 2 |  2.2
Bows           | 1 2 |  2.2
Crossbows      | 1 2 |  2.2
Throwing       | 1 2 |  2.2
Armour         | 1 2 |  2.2
Stealth        | 1 2 |  2.2
Shields        | 1 2 |  2.2
Unarmed Combat | 1 2 |  2.2
Evocations     | 1 2 |  2.2
Conjurations   | 1 |  1.8
Hexes          | 1 |  1.8
Summonings     | 1 |  1.8
Necromancy     | 1 |  1.8
Translocations | 1 |  1.8
Transmutations | 1 |  1.8
Fire Magic     | 1 |  1.8
Air Magic      | 1 |  1.8
Earth Magic    | 1 |  1.8
Poison Magic   | 1 |  1.8
Invocations    | 3 |  3.6
Ice Magic      | 4 |  4.2
Dodging        | 5 |  5.1

Action                   |  1- 3 |  4- 6 |  7- 9 || total
-------------------------+-------+-------+-------++-------
Melee: Whip              |    56 |    86 |     8 ||   150
       Bite              |     1 |    14 |       ||    15
       Punch             |     1 |       |       ||     1
       Spear             |       |    18 |       ||    18
       Short sword       |       |    27 |       ||    27
Throw: Dart              |       |     3 |       ||     3
 Cast: Freeze            |    26 |    70 |       ||    96
       Frozen Ramparts   |       |     1 |       ||     1
  Use: Scroll            |     2 |     2 |       ||     4
 Stab: Sleeping          |       |     2 |       ||     2
       Distracted        |       |     1 |       ||     1
Armor: Robe              |    16 |    13 |       ||    29
       Ring mail         |       |    22 |     7 ||    29
Dodge: Dodged            |    55 |   102 |     8 ||   165
